[Event "Rapid del Mercoledì"]
[Site "Chess.com"]
[Date "2020.06.03"]
[Round "1"]
[White "pedrak"]
[Black "SanSecondoPR"]
[Result "1-0"]
[WhiteElo "1703"]
[BlackElo "1343"]
[TimeControl "720+3"]
[EndTime "12:04:02 PDT"]
[Termination "pedrak ha vinto per abbandono"]

1. e4 e5 2. Nf3 Nc6 3. Bb5 Nge7 4. O-O g6 5. d3 Bg7 6. Nc3 d6 7. h3 O-O 8. Qe2 a6 9. Ba4 b5 10. Bb3 b4 11. Nd5 Nxd5 12. Bxd5 Bb7 13. Bg5 Qd7 14. Qd2 a5 15. Bh6 Ne7 16. Bxb7 1-0

[Event "Rapid del Mercoledì"]
[Site "Chess.com"]
[Date "2020.06.03"]
[Round "1"]
[White "malberici"]
[Black "Mrtre7"]
[Result "0-1"]
[WhiteElo "1325"]
[BlackElo "1469"]
[TimeControl "720+3"]
[EndTime "12:15:54 PDT"]
[Termination "Mrtre7 ha vinto per abbandono"]

1. d4 d5 2. c4 c6 3. Nf3 e6 4. a3 dxc4 5. e3 b5 6. Nc3 Nf6 7. Be2 Bb7 8. O-O Be7 9. e4 a6 10.
e5 Nd5 11. Nxd5 cxd5 12. Bd2 Nd7 13. h3 O-O 14. Nh2 f6 15. f4 fxe5 16. fxe5 Qb6 17. Bc3 Nxe5 18. Kh1 Ng6 19. Bh5 Nf4 20. Bg4 Nd3 21. Qe2 Bf6 22. Bxe6+ Kh8 23. Qf3 Qxe6 24. Bb4 Be7 25. Qh5 Qe3 26. Bxe7 Qg1+ 0-1

[Event "Rapid del Mercoledì"]
[Site "Chess.com"]
[Date "2020.06.03"]
[Round "1"]
[White "sirmale49"]
[Black "mr6701"]
[Result "1-0"]
[WhiteElo "1369"]
[BlackElo "1786"]
[TimeControl "720+3"]
[EndTime "12:17:01 PDT"]
[Termination "sirmale49 ha vinto per abbandono"]

1. e4 d5 2. e5 c5 3. f4 Nc6 4. Nf3 Bg4 5. Bb5 Qb6 6. Nc3 d4 7. Bxc6+ Qxc6 8. Nb1 Nh6 9. h3 Bh5 10. g4 Nxg4 11. hxg4 Bxg4 12. Rf1 Qe4+ 13. Qe2 Qxf4 14. Qf2 Qe4+ 15. Qe2 Qxc2 16. Qd1 Qf5 17. d3 e6 18. Na3 Be7 19. Nc4 O-O 20. Qe2 Qh5 21. Bf4 b5 22. Nd6 f6 23. Ne4 fxe5 24. Ng3 Bxf3 25.
Nxh5 Bxe2 26. Kxe2 exf4 27. Rxf4 Rxf4 28. Nxf4 e5 29.
Nd5 Bg5 30. Rg1 h6 31. Nc7 Rb8 32. Ne6 Bf6 33. Nxc5 Rc8 34. b4 a5 35. a3 axb4 36. axb4 Ra8 37. Ne4 Ra2+ 38. Kf3 Kf7 39. Nd6+ Ke7 40.
Nxb5 Rb2 41. Nc7 Kd6 42. Ne8+ Ke6 43. Nc7+ Kf5 44. Nd5 Rb3 45. Rd1 g5 46. Nxf6 Kxf6 47. Ke4 Rxb4 48. Rf1+ Ke6 49. Rh1 Rb1 50. Rxb1 h5 51.
Rb6+ Kf7 52. Kxe5 g4 53. Rh6 Kg7 54. Rxh5 Kg6 55. Rf5 g3 56. Rf1 Kg5 57. Rg1 Kg4 58. Kxd4 Kf3 59. Rxg3+ Kxg3 60. Ke5 Kg4 61. d4 1-0

[Event "Rapid del Mercoledì"]
[Site "Chess.com"]
[Date "2020.06.03"]
[Round "1"]
[White "markk000"]
[Black "fausto2p"]
[Result "1/2-1/2"]
[WhiteElo "1449"]
[BlackElo "1200"]
[TimeControl "720+3"]
[EndTime "12:18:33 PDT"]
[Termination "Partita patta per ripetizione di mosse"]

1. d4 d5 2. c4 c6 3. Nc3 Nf6 4. Nf3 dxc4 5. e3 b5 6. a4 e6 7. axb5 cxb5 8. Nxb5 Bd7 9. Bxc4 Bb4+ 10. Nc3 a5 11.
O-O O-O 12. Ne5 Qc7 13. Bd3 Nc6 14. Nxd7 Qxd7 15. Bb5 Qc7 16. Qf3 Bxc3 17. bxc3 Na7 18. c4 Nxb5 19. cxb5 Qb6 20. Rb1 Nd5 21. Bd2 Rfc8 22.
Qe2 Rc2 23. Qd3 Rac8 24. Rfc1 Rxc1+ 25. Rxc1 Rxc1+ 26. Bxc1 Nb4 27. Qc4 h6 28. Ba3 Nd5 29.
Bc5 Qb7 30. h3 f6 31. e4 Nf4 32. Bd6 Qxe4 33. Bxf4 Qxf4 34. Qxe6+ Kh7 35. Qa6 Qc1+ 36. Kh2 Qf4+ 37. Kg1 Qc1+ 38. Kh2 Qf4+ 39. Kh1 Qc1+ 40. Kh2 1/2-1/2

[Event "Rapid del Mercoledì"]
[Site "Chess.com"]
[Date "2020.06.03"]
[Round "2"]
[White "mr6701"]
[Black "fausto2p"]
[Result "1-0"]
[WhiteElo "1788"]
[BlackElo "1199"]
[TimeControl "720+3"]
[EndTime "12:27:49 PDT"]
[Termination "mr6701 ha vinto per abbandono"]

1. e4 e6 2. d4 d5 3. Nc3 c5 4. exd5 exd5 5. Nf3 Nf6 6. Bg5 cxd4 7. Nxd4 Bc5 8.
Bb5+ Bd7 9. O-O O-O 10. Nb3 Bxb5 11. Nxb5 Be7 12. Qf3 Nc6 13. Rfe1 Re8 14. Bxf6 Bxf6 15. Rxe8+ Qxe8 16. Nc7 Qd8 17. Nxa8 Bxb2 18. Rd1 d4 19. c3 Bxc3 20. Qxc3 Qxa8 21. Nxd4 Ne5 22. Nf5 f6 23. Qc8+ 1-0

[Event "Rapid del Mercoledì"]
[Site "Chess.com"]
[Date "2020.06.03"]
[Round "2"]
[White "SanSecondoPR"]
[Black "malberici"]
[Result "1-0"]
[WhiteElo "1351"]
[BlackElo "1313"]
[TimeControl "720+3"]
[EndTime "12:29:18 PDT"]
[Termination "SanSecondoPR ha vinto per abbandono"]

1. e4 Nf6 2. Nc3 e5 3. Nf3 Nc6 4. b3 Bc5 5. Ne2 Ng4 6. d4 exd4 7. Nfxd4 O-O 8. Bb2 Qf6 9. f3 Ne3 10. Qd2 Nxf1 11. Rxf1 Bb4 12. Bc3 Bxc3 13. Qxc3 d5 14. O-O-O dxe4 15. fxe4 Qg5+ 16. Kb2 Ne5 17. Nf3 c5 18. Qxe5 Qxe5+ 19. Nxe5 Be6 20. Nf4 c4 21. Nxe6 fxe6 22. Nxc4 Rfc8 23. Rd7 b5 24. Nd6 Rf8 25. Rf3 h6 26. e5 a5 27. Nxb5 a4 28. b4 Rab8 29.
c4 Rf5 30. Rxf5 exf5 31. e6 Re8 32. Nc7 1-0

[Event "Rapid del Mercoledì"]
[Site "Chess.com"]
[Date "2020.06.03"]
[Round "2"]
[White "sirmale49"]
[Black "pedrak"]
[Result "0-1"]
[WhiteElo "1367"]
[BlackElo "1705"]
[TimeControl "720+3"]
[EndTime "12:34:15 PDT"]
[Termination "pedrak ha vinto per abbandono"]

1. e4 d6 2. f4 Nf6 3. Nc3 c6 4. d4 Qa5 5. Bd2 Qb6 6. Nf3 Bg4 7.
h3 Bxf3 8. Qxf3 Qxd4 9. Be3 Qb4 10. Rb1 e6 11. Bd3 Be7 12. O-O O-O 13. a3 Qa5 14.
Bd2 Qc7 15. f5 e5 16. g4 Nfd7 17. Be3 Nc5 18. Bc4 Kh8 19. g5 f6 20. b4 Nca6 21. g6 Bd8 22. gxh7 b5 23. Be6 Qe7 24. h4 Bb6 25. Bxb6 axb6 26. Kh2 Nc7 27. Qg4 Rxa3 28. Rf3 Nxe6 29. fxe6 Na6 30. h5 Qe8 31. Rg3 Qe7 32.
Nd5 Rxg3 33. Nxe7 Rxg4 34. Ng6+ Rxg6 35. hxg6 Nxb4 36. Ra1 Nxc2 37. Ra7 Nd4 38. Rf7 Re8 39. e7 Ne6 40. Kg2 b4 41. Kf2 b3 42. Ke2 c5 43.
Kd2 c4 44. Kc3 b5 45. Kb2 b4 0-1

[Event "Rapid del Mercoledì"]
[Site "Chess.com"]
[Date "2020.06.03"]
[Round "2"]
[White "Mrtre7"]
[Black "markk000"]
[Result "1-0"]
[WhiteElo "1477"]
[BlackElo "1439"]
[TimeControl "720+3"]
[EndTime "12:39:20 PDT"]
[Termination "Mrtre7 ha vinto per abbandono"]

1. d4 Nf6 2. c4 g6 3. Nc3 Bg7 4. e4 O-O 5. Nf3 d6 6. Be2 Nbd7 7. O-O e5 8. Be3 Re8 9. d5 Ng4 10. Bg5 f6 11. Bc1 Nc5 12. b4 Na6 13. Ba3 f5 14. c5 fxe4 15. Nxe4 Bf5 16. Bd3 Bxe4 17. Bxe4 Nf6 18. Re1 Rc8 19. Ng5 Nxe4 20. Nxe4 Nb8 21. Rc1 dxc5 22. bxc5 Nd7 23. Qb3 Rb8 24. d6+ Kh8 25.
dxc7 Qxc7 26. Nd6 Rf8 27. Nf7+ Rxf7 28. Qxf7 Rf8 29. Qd5 Nf6 30. Qd6 Qa5 31. Bb2 Ne8 32. Qe6 Qd2 33. Bxe5 Qxf2+ 34. Kh1 Bxe5 35. Qxe5+ Kg8 36.
Qe2 Qh4 37. Qc4+ Kh8 38. Qxh4 1-0

[Event "Rapid del Mercoledì"]
[Site "Chess.com"]
[Date "2020.06.03"]
[Round "3"]
[White "markk000"]
[Black "sirmale49"]
[Result "0-1"]
[WhiteElo "1427"]
[BlackElo "1377"]
[TimeControl "720+3"]
[EndTime "12:44:25 PDT"]
[Termination "sirmale49 ha vinto per abbandono"]

1. d4 d5 2. c4 e5 3. dxe5 d4 4. Nf3 Nc6 5. e3 Bg4 6. Be2 Bb4+ 7. Nbd2 dxe3 8. fxe3 Bxf3 9. Bxf3 Nxe5 10. Qa4+ c6 11. Be2 Qb6 12. Qb3 c5 13. a3 Bxd2+ 0-1

[Event "Rapid del Mercoledì"]
[Site "Chess.com"]
[Date "2020.06.03"]
[Round "3"]
[White "SanSecondoPR"]
[Black "mr6701"]
[Result "0-1"]
[WhiteElo "1350"]
[BlackElo "1792"]
[TimeControl "720+3"]
[EndTime "12:50:47 PDT"]
[Termination "mr6701 ha vinto per abbandono"]

1. e4 d5 2. Nf3 dxe4 3. Ng5 Bf5 4. Nc3 Nf6 5. Bc4 e6 6. O-O h6 7. Nh3 Bxh3 8. gxh3 Nc6 9. d3 exd3 10. cxd3 Bc5 11. Bf4 O-O 12. Kh1 Na5 13. b3 Qd4 14. Ne2 Qd7 15.
Rg1 b5 16. d4 bxc4 17. dxc5 Qc6+ 18. Rg2 Ne4 19. Nd4 Qd5 20. Bxh6 Nxf2+ 21. Kg1 Nxd1 22. Bxg7 Qxg2+ 23. Kxg2 Ne3+ 24. Kf3 Kxg7 25. Kxe3 cxb3 26. axb3 Nb7 27. c6 Nd6 28. Rg1+ Kf6 29. Rf1+ Ke7 30. Nb5 Nxb5 0-1

[Event "Rapid del Mercoledì"]
[Site "Chess.com"]
[Date "2020.06.03"]
[Round "3"]
[White "pedrak"]
[Black "Mrtre7"]
[Result "1-0"]
[WhiteElo "1708"]
[BlackElo "1474"]
[TimeControl "720+3"]
[EndTime "12:59:35 PDT"]
[Termination "pedrak ha vinto per abbandono"]

1. e4 c5 2. Nf3 g6 3. d4 cxd4 4. Nxd4 Bg7 5. Be3 Nc6 6. c3 d5 7.
Bb5 Bd7 8. exd5 Ne5 9. Be2 Nf6 10.
c4 Rc8 11. b3 O-O 12. O-O Nfg4 13. Bf4 Qb6 14. h3 Nh6 15. Be3 Qd6 16. Nc3 Nf5 17.
Nxf5 Bxf5 18. Rc1 Qb4 19. Bd4 Rfd8 20. f4 Nd7 21. Bxg7 Kxg7 22. Nb5 e5 23. fxe5 Nxe5 24.
Nd4 Qc5 25. Kh1 Be4 26. Nf3 Re8 27. Nxe5 Rxe5 28. Bf3 Rce8 29. Bxe4 Rxe4 30. Qf3 f5 31. Qc3+ Kg8 32. b4 Qe3 33. Qxe3 Rxe3 34. c5 Rd3 35. Rfd1 Ree3 36. d6 Kf8 37. b5 Ke8 38. c6 bxc6 39. bxc6 Kd8 40. Rb1 Rxd1+ 41. Rxd1 Rc3 42. c7+ Kd7 43.
Rd2 h6 44. Kg1 a5 45. Kf2 Ra3 46. Rc2 1-0

[Event "Rapid del Mercoledì"]
[Site "Chess.com"]
[Date "2020.06.03"]
[Round "3"]
[White "fausto2p"]
[Black "malberici"]
[Result "1-0"]
[WhiteElo "1211"]
[BlackElo "1296"]
[TimeControl "720+3"]
[EndTime "13:00:28 PDT"]
[Termination "fausto2p ha vinto per abbandono"]

1. d4 Nf6 2. c4 g6 3. Nc3 Bg7 4. e4 O-O 5. e5 Ne8 6. Nf3 d5 7. Nxd5 Be6 8. Nc3 c6 9. Bd3 Bg4 10. h3 Bxf3 11. Qxf3 Qxd4 12. O-O Nd7 13. e6 fxe6 14.
Qe2 Qf6 15. Ne4 Qf7 16. Ng5 Qf6 17. Nxe6 Kh8 18. Nxf8 Nxf8 19. Rb1 e5 20. b4 Ne6 21.
Bb2 Nf4 22. Qe4 Qg5 23. Qf3 Nf6 24. Rfe1 Nxd3 25. Qxd3 e4 26. Qg3 Qf5 27. Bxf6 Bxf6 28. Qg4 Qxg4 29. hxg4 Re8 30. Rbd1 Bc3 31. Re2 Bxb4 32.
Rd4 e3 33. Rd3 Bc5 34. Rd7 exf2+ 35. Kf1 Rf8 36. Rxb7 a5 37. Rc7 Bb4 38. Rxc6 Be1 39. Rce6 Kg7 40. Re7+ Kh6 41. R7e6 Kg5 42. Re7 h6 43. R7e4 Rf4 44. Rxf4 Kxf4 45. c5 Bb4 46. c6 Bd6 47. Rxf2+ Kxg4 48. Rf6 Kg5 49. Rxd6 1-0

[Event "Rapid del Mercoledì"]
[Site "Chess.com"]
[Date "2020.06.03"]
[Round "4"]
[White "fausto2p"]
[Black "SanSecondoPR"]
[Result "0-1"]
[WhiteElo "1206"]
[BlackElo "1355"]
[TimeControl "720+3"]
[EndTime "13:14:38 PDT"]
[Termination "SanSecondoPR ha vinto per abbandono"]

1. d4 d5 2. c4 e5 3. dxe5 d4 4. a3 Ne7 5. Nf3 Nbc6 6. b4 Bg4 7. b5 Bxf3 8. bxc6 Bxc6 9. Bb2 Nf5 10. Qd3 Qd7 11. Nd2 O-O-O 12. h3 h5 13. Nb3 Qe6 14. Nc5 Bxc5 15. h4 Qxe5 16. Rh3 Be4 17. Qd2 Qe8 18. Qa5 Bb6 19. Qb4 d3 20. exd3 Bxd3+ 21. Kd1 Bxf1+ 22. Kc2 Qe2+ 23. Kb3 Rd3+ 24. Rxd3 Qxd3+ 25. Ka4 Qc2+ 26. Kb5 0-1

[Event "Rapid del Mercoledì"]
[Site "Chess.com"]
[Date "2020.06.03"]
[Round "4"]
[White "mr6701"]
[Black "pedrak"]
[Result "0-1"]
[WhiteElo "1761"]
[BlackElo "1718"]
[TimeControl "720+3"]
[EndTime "13:20:06 PDT"]
[Termination "pedrak ha vinto per abbandono"]

1. e4 d6 2. d4 e5 3. dxe5 dxe5 4. Qxd8+ Kxd8 5. Nc3 c6 6. f4 Bd6 7. Nf3 f6 8. fxe5 Bxe5 9. Bd2 Be6 10. O-O-O Kc7 11. Na4 Nd7 12. Nxe5 Nxe5 13. Nc5 Bg4 14.
Re1 Rd8 15. h3 Bc8 16. Bf4 Ne7 17. Bc4 Ng6 18. Bg3 Rhe8 19. h4 Kb6 20. Na4+ Ka5 21. Bb3 h5 22. Re3 b5 23. Be1+ Ka6 24. Nc5+ Kb6 25.
Nd3 c5 26. Nxe5 Nxe5 27. Bd5 Ng4 28. Ra3 b4 29. Rb3 a5 30. a3 a4 31. Rg3 Kb5 32. c4+ Ka5 33. axb4+ cxb4 34. c5 Kb5 35. c6 Be6 36.
Rd3 Ne5 37. Rd4 Nxc6 38. Bxc6+ Kxc6 39. Rxb4 Bb3 40. Bd2 Re5 41. Rh3 Rc5+ 42. Rc3 Rxc3+ 43. bxc3 Rd3 44. Rd4 Rg3 45. Rd6+ Kc5 46. Be3+ Rxe3 47. Rd7 Rg3 48. Rc7+ Kd6 49. Rc8 Rxg2 50. Ra8 Ke5 51. Ra5+ Kxe4 52. c4 Rc2+ 53. Kb1 Rxc4 54. Ra7 0-1

[Event "Rapid del Mercoledì"]
[Site "Chess.com"]
[Date "2020.06.03"]
[Round "4"]
[White "Mrtre7"]
[Black "sirmale49"]
[Result "1/2-1/2"]
[WhiteElo "1472"]
[BlackElo "1379"]
[TimeControl "720+3"]
[EndTime "13:32:07 PDT"]
[Termination "Patta per materiale insufficiente"]

1. d4 d5 2. c4 e5 3. dxe5 d4 4. Nf3 Nc6 5. Nbd2 Bb4 6. a3 Bxd2+ 7.
Bxd2 Bg4 8. Bf4 Bxf3 9. exf3 Nge7 10. Bd3 Qd7 11. O-O O-O-O 12. Re1 Nf5 13. Qc2 g6 14.
Bg5 Rde8 15. Be4 Nfe7 16. Bf6 Rhg8 17. f4 Nf5 18. Rad1 h6 19. b4 a6 20. b5 axb5 21.
cxb5 Na7 22. b6 Nc6 23. Qa4 Kb8 24. Bxc6 Qxc6 25. Qa7+ Kc8 26. Qa8+ Kd7 27. Qa5 Qxb6 28. Qd5+ Kc8 29. Rb1 Qc6 30. Qb3 Re6 31. Rec1 Qa6 32. Qb4 Rc6 33. Rxc6 Qxc6 34. Qa5 Kd7 35. Qb5 Rb8 36.
Qb3 Qe6 37. Qb5+ c6 38. Qc5 h5 39. Rd1 Qd5 40. Qxd5+ cxd5 41. h3 Rc8 42. g4 hxg4 43.
hxg4 Ne7 44. Rxd4 Ke6 45. Kg2 Nc6 46. a4 Ra8 47. Rd1 Rxa4 48. Kf3 b5 49. Rc1 Nd4+ 50. Ke3 Nb3 51. Rc6+ Kd7 52. Rd6+ Kc7 53. Rxd5 Kc6 54. Rd6+ Kc7 55. Bd8+ Kc8 56. Bb6 Kb7 57. Rf6 Ra6 58. Bd8 Rxf6 59. Bxf6 Nc5 60. Be7 Ne6 61. f5 gxf5 62.
gxf5 Nc7 63. Kd4 Kc6 64. f4 Nd5 65. Bd6 Nxf4 66. Ke4 Nd5 67. Kd4 b4 68. Kc4 Ne3+ 69. Kxb4 Nxf5 70. Bb8 Kd5 71. Kc3 Ke6 72. Kd3 Ne7 73. Ke4 Nc6 74. Bd6 Nd8 75. Bc7 Nb7 76.
Bb8 Nc5+ 77. Kd4 Nd7 78. Bd6 f6 79. exf6 Nxf6 1/2-1/2